 Dungeon Crawl Stone Soup version 0.28-a0-239-g68911e0c57 (webtiles) character file.

Game seed: 2109779669654462236

218537 dolemite99 the Warrior (level 18, -6/163 HPs)
             Began as a Demonspawn Gladiator on Aug 23, 2021.
             Was a High Priest of Okawaru.
             Mangled by a white very ugly thing (9 damage)
             ... on level 2 of the Vaults on Aug 24, 2021.
             The game lasted 01:32:48 (50592 turns).

dolemite99 the Warrior (Demonspawn Gladiator)      Turns: 50592, Time: 01:32:49

Health: -6/163     AC: 29    Str: 20    XL:     18   Next: 42%
Magic:  25/25      EV: 18    Int: 12    God:    Okawaru [*****.]
Gold:   621        SH: 21    Dex: 15    Spells: 7/17 levels left

rFire   + + .      SeeInvis .   a - +9 hunting sling (freeze)
rCold   + . .      Faith    +   H - +3 kite shield {AC+3}
rNeg    . . .      Spirit   .   M - +1 plate armour "Vemykhlu" {rElec}
rPois   +          Reflect  .   r - +2 helmet
rElec   +          Harm     .   Z - +2 cloak {rF+}
rCorr   +          Rampage  .   (no gloves)
Will    ++...                   (boots unavailable)
Stlth   ..........              E - amulet of faith
HPRegen 0.37/turn               e - +4 ring of slaying
MPRegen 0.19/turn               b - ring of willpower

@: resistant, heroic, marked, repel missiles
A: talons 3, repulsion field 3, robust 1, condensation shield, demonic magic 3
}: 1/15 runes: decaying
a: Renounce Religion, Heroism, Finesse, Duel


You were on level 2 of the Vaults.
You worshipped Okawaru.
Okawaru was extremely pleased with you.
You visited 6 branches of the dungeon, and saw 30 of its levels.
You also visited: Volcano.

You collected 3593 gold pieces.
You spent 2972 gold pieces at shops.

Inventory:

Hand Weapons
 a - a +9 hunting sling of freezing (weapon)
 w - a +1 fustibalus
Missiles
 f - 15 javelins
 i - 211 stones
 k - 78 poisoned darts
 l - 56 boomerangs
 G - 23 atropa-tipped darts
 L - 9 sling bullets (quivered ammo)
 N - 19 silver javelins
Armour
 r - a +2 helmet (worn)
 H - a +3 kite shield of protection (worn)
 M - the +1 plate armour "Vemykhlu" (worn) {rElec}
   (Okawaru gifted it to you on level 1 of the Lair of Beasts)

   rElec:     It insulates you from electricity.
 Q - +1 swamp dragon scales
 T - a scarf of resistance
 Z - a +2 cloak of fire resistance (worn)
Magical Staves
 d - a staff of poison
Jewellery
 b - a ring of willpower (right hand)
 e - a +4 ring of slaying (left hand)
 x - a ring of protection from cold
 y - a ring of wizardry
 z - a ring of see invisible
 D - a ring of protection from fire
 E - an amulet of faith (around neck)
Wands
 g - a wand of digging (10)
 h - a wand of iceblast (6)
 o - a wand of polymorph (10)
 q - a wand of paralysis (18)
Scrolls
 n - 7 scrolls of identify {@r1}
 s - 4 scrolls of fog
 t - 4 scrolls of noise
 C - 2 scrolls of vulnerability
 I - 4 scrolls of amnesia
Potions
 j - a potion of lignification
 p - 2 potions of resistance
 u - a potion of magic {unknown}
 v - 3 potions of curing
 A - 3 potions of attraction
 F - 2 potions of cancellation
 J - 3 potions of mutation
 P - 4 potions of flight
 R - 2 potions of berserk rage
 Y - 3 potions of brilliance


   Skills:
 - Level 15.2(20.2) Fighting
 - Level 10.1(16.0) Slings
 - Level 6.8(14.4) Throwing
 * Level 12.0(17.0) Armour
 - Level 12.8(17.8) Dodging
 - Level 11.5(16.5) Shields
 - Level 9.8(14.8) Unarmed Combat
 - Level 10.1 Invocations
 - Level 11.1 Evocations


You had 7 spell levels left.
You knew the following spells:

 Your Spells              Type           Power      Damage    Failure   Level
a - Airstrike             Air            0%         N/A       100%        4
b - Apportation           Tloc           0%         N/A       97%         1
c - Blink                 Tloc           N/A        N/A       99%         2
d - Mephitic Cloud        Conj/Pois/Air  0%         N/A       100%        3

Your spell library contained the following spells:

 Spells                   Type           Power      Damage    Failure   Level
 Corona                   Hex            0%         N/A       97%         1
 Magic Dart               Conj           0%         1d3       97%         1
 Pain                     Necr           0%         1d4       97%         1
 Corpse Rot               Necr/Air       N/A        N/A       99%         2
 Searing Ray              Conj           0%         3d3       99%         2
 Static Discharge         Conj/Air       0%         N/A       99%         2
 Ignite Poison            Fire/Tmut/Pois 0%         N/A       100%        3
 Lesser Beckoning         Tloc           0%         N/A       100%        3
 Ozocubu's Armour         Ice            0%         N/A       100%        3
 Portal Projectile        Hex/Tloc       0%         N/A       100%        3
 Vampiric Draining        Necr           0%         2d6       100%        3
 Dispel Undead            Necr           0%         3d6       100%        4
 Fulminant Prism          Conj/Hex       0%         3d6       100%        4
 Leda's Liquefaction      Hex/Erth       0%         N/A       100%        4
 Sticky Flame             Conj/Fire      0%         2d3       100%        4
 Alistair's Intoxication  Tmut/Pois      0%         N/A       100%        5
 Bolt of Magma            Conj/Fire/Erth 0%         4d4       100%        5
 Borgnjor's Vile Clutch   Necr/Erth      0%         N/A       100%        5
 Lightning Bolt           Conj/Air       0%         1d11      100%        5
 Manifold Assault         Tloc           0%         N/A       100%        5
 Eringya's Noxious Bog    Tmut/Pois      0%         N/A       100%        6
 Invisibility             Hex            0%         N/A       100%        6
 Statue Form              Tmut/Erth      0%         N/A       100%        6
 Dragon Form              Tmut           0%         N/A       100%        7
 Orb of Destruction       Conj           0%         N/A       100%        7
 Ozocubu's Refrigeration  Ice            0%         4d5       100%        7
 Storm Form               Tmut/Air       0%         N/A       100%        7
 Maxwell's Capacitive Co  Air            0%         ∞         100%        8
 Animate Skeleton         Necr           Unusable   N/A       N/A         1
 Summon Small Mammal      Summ           Unusable   N/A       N/A         1
 Summon Guardian Golem    Hex/Summ       Unusable   N/A       N/A         3
 Summon Lightning Spire   Summ/Air       Unusable   N/A       N/A         4
 Death Channel            Necr           Unusable   N/A       N/A         6
 Spellforged Servitor     Conj/Summ      Unusable   N/A       N/A         7

Dungeon Overview and Level Annotations

Branches:
Dungeon (15/15)            Temple (0/1) D:5            Lair (6/6) D:8
  Swamp (4/4) Lair:4       Spider (1/4) Lair:2        Slime (0/5) Lair:6
    Orc (2/2) D:10            Elf (0/3) Orc:2        Vaults (2/5) D:13
  Crypt (0/3) Vaults:2     Depths (0/5) D:15        Volcano (visited)

Altars:
Fedhas
Gozag
Hepliaklqana
Kikubaaqudgha
Nemelex Xobeh
Okawaru
Qazlal
Wu Jian
Xom
Yredelemnul
Zin
The Shining One
Beogh

Shops:
D:15 (   Orc:2 *(*=!

Annotations:
D:13 3 runed translucent doors, Tifoshro's ghost, journeyman MiBe
D:14 3 runed translucent doors, Wogiaph's ghost, journeyman OgTm
Lair:2 2 transporters, Anuemis's ghost, journeyman GrGl
Swamp:2 exclusion: oklob plant


Innate Abilities, Weirdness & Mutations

You have claws for feet.
You are surrounded by a strong repulsion field. (EV +4, RMsl)
You are robust. (+10% HP)
A meltable shield of frost defends you. (SH +4)
Spells you cast and wands you use may paralyse nearby enemies.


Message History

The sling bullet freezes the peacekeeper.
You destroy the peacekeeper!
Okawaru accepts your kill.
The ironbound preserver casts a spell.
The ironbound preserver begins to accept its allies' injuries.
You block the white very ugly thing's attack.
The war gargoyle hits you with a +0 morningstar!!
* * * LOW HITPOINT WARNING * * *
Your base Armour skill increases to level 12!
Fire: 10 sling bullets
Press: ? - help, Q - select action, (/) - cycle Shift-Dir - straight line, f/p - vault sentinel
Aim: a vault sentinel, wielding a +0 long sword, wearing a +0 ring mail and quivering bolts (almost dead, sheltered from injuries, 76% to hit)
You shoot a sling bullet.
The sling bullet hits the dire elephant!
The sling bullet freezes the dire elephant.
The dire elephant is lightly wounded.
Really attack while wielding your +9 hunting sling of freezing? [Y]es or [N]o only, please.
Really attack while wielding your +9 hunting sling of freezing?
Okay, then.
Fire: 9 sling bullets
Press: ? - help, Q - select action, (/) - cycle Shift-Dir - straight line, p - vault sentinel
Okay, then.
Really attack while wielding your +9 hunting sling of freezing? [Y]es or [N]o only, please.
Really attack while wielding your +9 hunting sling of freezing? [Y]es or [N]o only, please.
Really attack while wielding your +9 hunting sling of freezing? [Y]es or [N]o only, please.
Really attack while wielding your +9 hunting sling of freezing? [Y]es or [N]o only, please.
Really attack while wielding your +9 hunting sling of freezing?
Okay, then.
The war gargoyle launches metal splinters at you.
The spray of metal splinters hits you but does no damage.
The dire elephant completely misses you.
You block the dire elephant's attack.
You block the ironbound preserver's attack.
The white very ugly thing gores you!
You die...

,,* #....#..#§...#
,,* #....'.p'p(..#
*,* #§...#u.#....#
****#...##'T##.p(#
,,,,##'##....##+##
,**,#...'....u.p.#
**,,*..B'....'uH.#
*,,,##'##..H.##p##
,,,,#...##''##Bu@#
*,,,#.H†.#..#9(Y9#
**,,#....'pp'..pp#
p*#.9...p#..#....#
p...##############
####*


You could see a dire elephant (sheltered), an ironbound preserver, 3 very ugly
things, a vault warden, a boulder beetle (strong, sheltered), a vault guard, a
white ugly thing (sheltered), a crystal guardian (strong, sheltered), a deep
troll (sheltered), an ironbound beastmaster (sheltered), a war gargoyle (strong,
sheltered, catching breath), a vault sentinel (sheltered), an ironbound convoker
(sheltered) and a harpy (sheltered).

Vanquished Creatures
  Rupert (Orc:2)
  Jorgrun (D:12)
  A tentacled monstrosity (Swamp:3)
  A sphinx (Vaults:1)
  Kirke (Lair:3)
  4 thorn hunters
  A fenstrider witch (Swamp:4)
  An orc warlord (Orc:2)
  A caustic shrike zombie (D:15)
  A vault warden (Vaults:1)
  6 ironbound preservers
  2 very ugly things (Vaults:2)
  A red draconian (Volcano)
  4 bunyips
  Snorg (Lair:6)
  5 eleionomae
  4 shambling mangroves
  2 great orbs of eyes
  2 yaktaur captains (Vaults:1)
  2 ghost crabs (Swamp:4)
  3 boulder beetles
  A peacekeeper (Vaults:2)
  A death knight (D:14)
  10 centaur warriors
  3 ironbound frosthearts
  An ogre mage (D:15)
  4 catoblepae
  24 hydras
  8 alligators
  5 two-headed ogres
  9 death yaks
  5 tengu warriors
  2 ironbound beastmasters (Vaults:1)
  An orc high priest (Orc:2)
  Nergalle (Lair:1)
  11 spriggans
  A fire crab (D:14)
  16 deep trolls
  A titan skeleton (D:15)
  3 goliath frogs
  8 skeletal warriors
  5 spriggan druids
  11 swamp dragons
  A bog body (Swamp:3)
  3 wizards (Vaults:1)
  An obsidian statue (Volcano)
  A flayed ghost (D:15)
  9 lindwurms
  2 ironbound convokers
  A tengu zombie (D:15)
  7 harpies (Vaults:2)
  An orb spider (shapeshifter) (D:14)
  6 deep elf pyromancers
  A necromancer (D:15)
  5 orc knights
  18 ugly things
  7 orc sorcerers
  2 oklob plants
  An orb spider (Lair:6)
  4 wolf spiders
  11 cyclopes
  4 manticores
  3 will-o-the-wisps
  8 elephants
  7 black mambas
  5 vault sentinels
  A molten gargoyle (Lair:6)
  An elf zombie (D:15)
  A gargoyle (D:13)
  4 torpor snails
  Maggie (Lair:1)
  18 cane toads
  5 kobold demonologists
  5 rime drakes
  2 unseen horrors
  4 centaur skeletons (D:13)
  10 yaktaurs
  12 komodo dragons
  2 ice devils (Lair:2)
  A freezing wraith (Vaults:2)
  3 tengu conjurers
  A jumping spider (Lair:2)
  3 polar bears
  4 trolls
  2 bloated husks (Swamp:2)
  11 tyrant leeches
  19 blink frogs
  17 hornets
  3 dream sheep
  Prince Ribbit (D:5)
  11 slime creatures
  9 redbacks (Lair:2)
  A shadow (D:10)
  A human (Lair:4)
  Sigmund (D:4)
  7 wyverns
  2 tarantellas (Lair:2)
  3 hogs
  A wraith (D:14)
  40 yaks
  7 basilisks
  5 steam dragons
  18 vampire mosquitoes
  16 swamp worms
  A warg (Orc:1)
  An acid dragon (D:10)
  21 water moccasins
  A sky beast (D:6)
  5 swamp drakes
  A hornet zombie (D:7)
  27 orc warriors
  4 black bears
  An ice beast (D:6)
  A necrophage (D:6)
  8 boggarts
  16 wolves
  6 ogres
  9 centaurs
  2 phantoms
  4 kobold brigands
  18 bullfrogs
  A gnoll sergeant (D:7)
  4 scorpions
  A wyvern skeleton (D:7)
  8 killer bees
  An oklob sapling (Swamp:2)
  15 wights
  2 electric eels
  3 howler monkeys
  A vampire bat (D:5)
  8 lava snakes
  A bullfrog zombie (D:6)
  5 centaur zombies
  25 orc priests
  14 jellies
  A bullfrog skeleton (D:7)
  7 hounds
  Jessica (D:2)
  Natasha (thrice) (D:2)
  44 orc wizards
  2 hound skeletons (D:4)
  A howler monkey zombie (D:9)
  6 gnolls
  7 adders
  An adder skeleton (D:4)
  A worm (D:2)
  2 dart slugs
  7 fire bats
  89 orcs
  2 spectral bats (D:5)
  2 ball pythons
  15 bats
  3 bat skeletons (D:5)
  A bat zombie (D:5)
  9 endoplasms
  2 giant cockroaches
  4 goblins
  14 hobgoblins
  4 jackals (D:2)
  2 quokkas
  A bat simulacrum (D:5)
  2 frilled lizards (D:1)
  10 kobolds
  A quokka skeleton (D:4)
  10 rats
  A briar patch (Swamp:4)
1007 creatures vanquished.

Vanquished Creatures (others)
  A vault warden (Vaults:1)
  A centaur warrior (Vaults:1)
  A bloated husk (Swamp:2)
  A human (D:7)
  An orc wizard (D:13)
  8 foxfires
  57 fungi
  55 plants
  A withered plant (D:15)
126 creatures vanquished.

Grand Total: 1133 creatures vanquished

Notes
Turn   | Place    | Note
-------+----------+-------------------------------------------
     0 | D:1      | dolemite99 the Demonspawn Gladiator began the quest for the
                  | Orb.
     0 | D:1      | Reached XP level 1. HP: 16/16 MP: 1/1
   397 | D:1      | Gained mutation: You are surrounded by a mild repulsion
                  | field. (EV +2) [demonic ancestry]
   397 | D:1      | Reached XP level 2. HP: 20/22 MP: 2/2
   954 | D:2      | Noticed Natasha
  1208 | D:2      | Killed Natasha
  1209 | D:2      | Gained mutation: You have sharp toenails. [demonic
                  | ancestry]
  1209 | D:2      | Reached XP level 3. HP: 16/27 MP: 3/3
  1395 | D:2      | Noticed Natasha
  1408 | D:2      | Killed Natasha
  1409 | D:2      | Gained mutation: You are surrounded by a moderate repulsion
                  | field. (EV +3) [demonic ancestry]
  1409 | D:2      | Reached XP level 4. HP: 27/33 MP: 4/4
  1409 | D:2      | Noticed Natasha
  1416 | D:2      | Killed Natasha
  1893 | D:2      | Noticed Jessica
  1908 | D:2      | Killed Jessica
  1909 | D:2      | Gained mutation: A meltable shield of frost defends you.
                  | (SH +4) [demonic ancestry]
  1909 | D:2      | Reached XP level 5. HP: 30/38 MP: 5/5
  2181 | D:2      | Found a faded altar of an unknown god.
  2457 | D:3      | Found an iron altar of Okawaru.
  2466 | D:3      | Became a worshipper of Warmaster Okawaru
  2507 | D:3      | Found an opulent altar of Gozag.
  3040 | D:4      | Reached skill level 5 in Unarmed Combat
  3277 | D:4      | Gained mutation: Spells you cast may paralyse adjacent
                  | enemies. [demonic ancestry]
  3277 | D:4      | Reached XP level 6. HP: 44/44 MP: 6/6
  3391 | D:4      | Found a blossoming altar of Fedhas.
  3614 | D:4      | Noticed a steam dragon
  3633 | D:4      | Killed a steam dragon
  4076 | D:4      | Noticed a water moccasin
  4088 | D:4      | Killed a water moccasin
  4088 | D:4      | Reached * piety under Okawaru
  4089 | D:4      | Reached XP level 7. HP: 50/50 MP: 7/7
  4225 | D:4      | Noticed Sigmund
  4233 | D:4      | Killed Sigmund
  4586 | D:5      | Entered Level 5 of the Dungeon
  5423 | D:5      | Noticed Prince Ribbit
  5448 | D:5      | Killed Prince Ribbit
  5449 | D:5      | Reached skill level 5 in Throwing
  5449 | D:5      | Gained mutation: Spells you cast may paralyse nearby
                  | enemies. [demonic ancestry]
  5449 | D:5      | Reached XP level 8. HP: 42/56 MP: 8/8
  5553 | D:5      | Learned a level 4 spell: Airstrike
  5600 | D:5      | Reached ** piety under Okawaru
  5633 | D:5      | Found a sparkling altar of Nemelex Xobeh.
  5689 | D:5      | Found a staircase to the Ecumenical Temple.
  6313 | D:5      | Found a basalt altar of Yredelemnul.
  6317 | D:5      | Noticed a profane servitor
  6402 | D:6      | Found a shimmering altar of Xom.
  6402 | D:6      | Noticed an angel
  7530 | D:6      | Identified the +0 scale mail of Context {+Inv rN++ Will-
                  | Regen+}
  7574 | D:6      | Identified the +9 mace "Vaiptos" {antimagic, Int+3}
  7943 | D:6      | Reached XP level 9. HP: 49/59 MP: 9/9
  8173 | D:7      | Reached *** piety under Okawaru
  8615 | D:7      | Reached skill level 1 in Armour
  8637 | D:7      | Reached skill level 3 in Fighting
  9045 | D:7      | Reached skill level 4 in Fighting
  9156 | D:7      | Found an ancient bone altar of Kikubaaqudgha.
  9558 | D:8      | Received a gift from Okawaru
  9787 | D:8      | Reached skill level 5 in Fighting
 10291 | D:8      | Gained mutation: You have razor-sharp toenails. [demonic
                  | ancestry]
 10291 | D:8      | Reached XP level 10. HP: 69/74 MP: 6/10
 10296 | D:8      | Found a staircase to the Lair.
 10430 | D:8      | Found an ornate altar of the Wu Jian Council.
 10941 | D:9      | Noticed a two-headed ogre
 10957 | D:9      | Killed a two-headed ogre
 10957 | D:9      | Received a gift from Okawaru
 10957 | D:9      | Reached **** piety under Okawaru
 10958 | D:9      | Reached skill level 6 in Fighting
 10958 | D:9      | Reached skill level 5 in Armour
 11002 | D:9      | Identified the +0 plate armour of Beyond {rN+ Slay+2}
 11089 | D:9      | Noticed a two-headed ogre
 11102 | D:9      | Killed a two-headed ogre
 11104 | D:9      | Received a gift from Okawaru
 11239 | D:9      | Reached skill level 7 in Fighting
 11717 | D:9      | Noticed a two-headed ogre
 11733 | D:9      | Killed a two-headed ogre
 11733 | D:9      | Received a gift from Okawaru
 11742 | D:9      | Reached skill level 8 in Fighting
 12315 | D:9      | Reached ***** piety under Okawaru
 12446 | D:9      | Found a stormy altar of Qazlal.
 12547 | D:10     | Entered Level 10 of the Dungeon
 12559 | D:10     | Found a staircase to the Orcish Mines.
 12604 | D:9      | Gained mutation: Spells you cast and wands you use may
                  | paralyse nearby enemies. [demonic ancestry]
 12604 | D:9      | Reached XP level 11. HP: 64/87 MP: 6/11
 13117 | D:10     | Found a hazy altar of Hepliaklqana.
 13147 | D:10     | Reached skill level 1 in Slings
 14223 | D:11     | Noticed a skeletal warrior
 14223 | D:11     | Noticed a skeletal warrior
 14248 | D:11     | Killed a skeletal warrior
 14249 | D:11     | Reached skill level 9 in Fighting
 14256 | D:11     | Killed a skeletal warrior
 14675 | D:11     | You fall into a shaft and drop 2 floors!
 14675 | D:13     | Noticed a centaur warrior
 14689 | D:13     | Killed a centaur warrior
 14797 | D:13     | Identified the +3 hunting sling "Hihiload" {flame, Contam
                  | rElec Str+6 Dex-4}
 14852 | D:13     | Noticed a skeletal warrior
 15151 | D:13     | Noticed a centaur warrior
 15163 | D:13     | Killed a centaur warrior
 15519 | D:13     | Reached skill level 10 in Fighting
 15895 | D:13     | Noticed a centaur warrior
 15912 | D:13     | Killed a centaur warrior
 15931 | D:13     | Received a gift from Okawaru
 16014 | D:13     | Noticed a deep elf pyromancer
 16026 | D:13     | Killed a deep elf pyromancer
 16026 | D:13     | Received a gift from Okawaru
 16027 | D:13     | Gained mutation: You are surrounded by a strong repulsion
                  | field. (EV +4, RMsl) [demonic ancestry]
 16027 | D:13     | Reached XP level 12. HP: 60/98 MP: 8/12
 16368 | D:13     | Noticed a centaur warrior
 16377 | D:13     | Killed a centaur warrior
 16448 | D:12     | Noticed a tengu warrior
 16463 | D:12     | Killed a tengu warrior
 16475 | D:12     | Reached skill level 11 in Fighting
 16535 | D:12     | Reached skill level 10 in Armour
 16577 | D:12     | Noticed Jorgrun
 17175 | D:12     | Noticed a seven-headed hydra
 17202 | D:11     | Killed a seven-headed hydra
 17764 | D:11     | Reached skill level 1 in Invocations
 17906 | D:11     | Noticed a seven-headed hydra
 17912 | D:11     | Killed a seven-headed hydra
 17912 | D:11     | Received a gift from Okawaru
 18053 | D:11     | Reached skill level 5 in Invocations
 19008 | Lair:1   | Entered Level 1 of the Lair of Beasts
 19061 | Lair:1   | Noticed a four-headed hydra
 19062 | Lair:1   | Noticed Nergalle
 19075 | Lair:1   | Killed Nergalle
 19084 | Lair:1   | Killed a four-headed hydra
 19343 | Lair:1   | Noticed Maggie
 19346 | Lair:1   | Reached skill level 10 in Invocations
 19354 | Lair:1   | Killed Maggie
 19457 | Lair:1   | Identified the +1 plate armour "Vemykhlu" {rElec} (Okawaru
                  | gifted it to you on level 1 of the Lair of Beasts)
 19457 | Lair:1   | Received a gift from Okawaru
 20267 | Lair:2   | Noticed Anuemis's ghost (journeyman GrGl)
 20268 | Lair:2   | Found a transporter.
 20269 | Lair:2   | Noticed a seven-headed hydra
 20297 | Lair:2   | Noticed a death yak
 20300 | Lair:2   | Noticed a death yak
 20302 | Lair:2   | Noticed a death yak
 20327 | Lair:2   | Killed a death yak
 20328 | Lair:2   | Reached XP level 13. HP: 106/106 MP: 20/20
 20362 | Lair:2   | Reached skill level 5 in Dodging
 20840 | Lair:2   | Found a hole to the Spider Nest.
 20887 | Lair:2   | Reached skill level 1 in Shields
 21137 | Lair:2   | You fall into a shaft and drop 1 floor!
 21418 | Lair:2   | Found a transporter.
 22406 | Lair:3   | Found a shimmering altar of Xom.
 22490 | Lair:3   | Reached skill level 5 in Shields
 23721 | Lair:4   | Noticed Kirke
 23968 | Lair:4   | Received a gift from Okawaru
 24053 | Lair:4   | Received a gift from Okawaru
 24276 | Lair:3   | Noticed a sphinx
 24280 | Lair:3   | Paralysed by a sphinx for 6 turns
 25052 | Lair:4   | Found a staircase to the Swamp.
 25467 | Lair:5   | Gained mutation: You have claws for feet. [demonic
                  | ancestry]
 25467 | Lair:5   | Reached XP level 14. HP: 109/113 MP: 21/21
 25666 | Lair:5   | Received a gift from Okawaru
 26079 | Lair:5   | Reached skill level 10 in Shields
 27019 | Lair:6   | Entered Level 6 of the Lair of Beasts
 27169 | Lair:6   | Noticed Nessos
 27170 | Lair:6   | Noticed Nessos
 27170 | Lair:6   | Nessos changed into Nessos the orb spider
 27182 | Lair:6   | Killed Nessos the orb spider
 27451 | Lair:5   | Reached skill level 1 in Evocations
 27457 | Lair:5   | Received a gift from Okawaru
 27648 | Lair:6   | Found a staircase to the Slime Pits.
 27927 | Lair:6   | Noticed Snorg
 27941 | Lair:6   | Killed Snorg
 27942 | Lair:6   | Reached skill level 5 in Evocations
 28697 | Lair:6   | Learned a level 1 spell: Apportation
 29447 | Lair:3   | Learned a level 2 spell: Blink
 29458 | Lair:3   | Killed Kirke
 29459 | Lair:3   | Reached XP level 15. HP: 113/119 MP: 14/22
 29510 | Lair:3   | Learned a level 3 spell: Mephitic Cloud
 29675 | D:12     | Killed Jorgrun
 29675 | D:12     | Received a gift from Okawaru
 30370 | D:13     | Received a gift from Okawaru
 30548 | D:13     | Reached skill level 10 in Evocations
 30761 | D:13     | Found a gate to the Vaults.
 30855 | D:13     | Found a runed translucent gate.
 30855 | D:13     | Found a runed translucent gate.
 30855 | D:13     | Found a runed translucent gate.
 30855 | D:13     | Noticed Tifoshro's ghost (journeyman MiBe)
 30857 | D:13     | Found a basalt altar of Yredelemnul.
 31131 | Orc:1    | Entered Level 1 of the Orcish Mines
 31188 | Orc:1    | Received a gift from Okawaru
 31323 | Orc:1    | Found a dark tunnel.
 31333 | Volcano  | Entered a volcano
 31604 | Volcano  | Found a burning altar of Makhleb.
 32312 | Orc:2    | Entered Level 2 of the Orcish Mines
 33438 | Orc:2    | Paralysed by an orc sorcerer for 4 turns
 33515 | Orc:2    | Noticed an orc warlord
 33522 | Orc:2    | Killed an orc warlord
 33616 | Orc:2    | Found a staircase to the Elven Halls.
 33620 | Orc:2    | Found Caturgh's Assorted Antiques.
 33694 | Orc:2    | Noticed Rupert
 33797 | D:14     | Found an iron altar of Okawaru.
 33850 | D:14     | Reached skill level 12 in Fighting
 34726 | D:14     | Noticed Wogiaph's ghost (journeyman OgTm)
 34727 | D:14     | Found a runed translucent gate.
 34728 | D:14     | Found a runed translucent gate.
 34728 | D:14     | Found a runed translucent gate.
 34728 | D:14     | Identified the +12 plate armour of Misanthropy {Will- Int+3
                  | Dex+6}
 34728 | D:14     | Noticed an orc warlord
 35349 | D:15     | Entered Level 15 of the Dungeon
 35656 | D:15     | Reached XP level 16. HP: 129/129 MP: 23/23
 36299 | D:15     | Found a staircase to the Depths.
 36315 | D:15     | Received a gift from Okawaru
 36486 | D:15     | Reached skill level 10 in Dodging
 36668 | D:15     | Paralysed by something for 3 turns
 37002 | D:15     | Got the Collected Works on Captivating Moulding
 37055 | D:15     | Found Opribuni's Antique Weapon Emporium.
 37337 | D:15     | Upgraded the game from 0.28-a0-233-gb8ca4b6547 to
                  | 0.28-a0-239-g68911e0c57
 37597 | Swamp:1  | Entered Level 1 of the Swamp
 37684 | Swamp:1  | Received a gift from Okawaru
 37694 | Swamp:1  | Reached skill level 5 in Slings
 38432 | Orc:2    | Paralysed by Rupert for 3 turns
 38437 | Orc:2    | Killed Rupert
 38437 | Orc:2    | Received a gift from Okawaru
 38670 | Orc:2    | Found Kecurol's Distillery.
 38670 | Orc:2    | Found Kuckioc's Jewellery Shoppe.
 38671 | Orc:2    | Found Geugono's Antique Weapon Emporium.
 38675 | Orc:2    | Found Fiocup's Assorted Antiques.
 38688 | Orc:2    | Bought a fustibalus for 540 gold pieces
 38796 | Orc:2    | Bought a potion of heal wounds for 160 gold pieces
 38796 | Orc:2    | Bought a scroll of enchant armour for 240 gold pieces
 38796 | Orc:2    | Bought a gilded ring for 160 gold pieces
 38796 | Orc:2    | Bought a wand of iceblast (9) for 128 gold pieces
 38796 | Orc:2    | Bought a wand of iceblast (11) for 128 gold pieces
 38796 | Orc:2    | Bought a scroll of magic mapping for 112 gold pieces
 38796 | Orc:2    | Bought a scroll of identify for 64 gold pieces
 38796 | Orc:2    | Bought a black potion for 28 gold pieces
 38808 | Orc:2    | Bought a ring of protection from cold for 450 gold pieces
 38808 | Orc:2    | Bought an amulet of faith for 720 gold pieces
 39566 | Orc:2    | Bought a scroll labelled EDEJYM FOQUO for 22 gold pieces
 39566 | Orc:2    | Bought a scroll of teleportation for 66 gold pieces
 39566 | Orc:2    | Bought a scroll of fear for 77 gold pieces
 39566 | Orc:2    | Bought a scroll of magic mapping for 77 gold pieces
 40677 | Swamp:2  | Noticed a thorn hunter
 40702 | Swamp:2  | Killed a thorn hunter
 40769 | Swamp:2  | Received a gift from Okawaru
 40964 | Swamp:2  | Noticed a thorn hunter
 40973 | Swamp:2  | Killed a thorn hunter
 42258 | Swamp:2  | Noticed a thorn hunter
 42275 | Swamp:2  | Killed a thorn hunter
 42275 | Swamp:2  | Received a gift from Okawaru
 42520 | Spider:1 | Entered Level 1 of the Spider Nest
 42715 | Swamp:3  | HP: 4/129 [eleionoma/spray of wooden splinters (49)]
 43353 | Swamp:3  | Noticed a tentacled monstrosity
 43364 | Swamp:3  | Killed a tentacled monstrosity
 43364 | Swamp:3  | Received a gift from Okawaru
 43365 | Swamp:3  | Reached skill level 10 in Slings
 43365 | Swamp:3  | Gained mutation: You are robust. (+10% HP) [demonic
                  | ancestry]
 43365 | Swamp:3  | Reached XP level 17. HP: 128/148 MP: 22/24
 43713 | Swamp:3  | Reached skill level 13 in Fighting
 44410 | Swamp:4  | Entered Level 4 of the Swamp
 44704 | Swamp:4  | Identified the +2 rapier "Peacloni" {vorpal, rF+}
 44706 | Swamp:4  | Paralysed by a fenstrider witch for 3 turns
 45110 | Swamp:4  | Received a gift from Okawaru
 45295 | Swamp:4  | Reached skill level 14 in Fighting
 45774 | Swamp:4  | Got a decaying rune of Zot
 46306 | Lair:2   | Received a gift from Okawaru
 46953 | Vaults:1 | Entered Level 1 of the Vaults
 47030 | D:13     | Received a gift from Okawaru
 47331 | Vaults:1 | Received a gift from Okawaru
 47492 | Vaults:1 | Paralysed by a great orb of eyes for 2 turns
 47638 | Vaults:1 | Received a gift from Okawaru
 47812 | Vaults:1 | Received a gift from Okawaru
 48158 | Vaults:1 | Identified the +7 shortbow of Zebeofut {speed, Will- Str+4
                  | Dex+2 Stlth+}
 48296 | Vaults:1 | Reached skill level 15 in Fighting
 48302 | Vaults:1 | Received a gift from Okawaru
 48306 | Vaults:1 | Reached XP level 18. HP: 115/163 MP: 25/25
 48946 | Vaults:1 | Paralysed by a sphinx for 4 turns
 48957 | Vaults:1 | Received a gift from Okawaru
 49390 | Vaults:1 | Received a gift from Okawaru
 50414 | Vaults:2 | Found a staircase to the Crypt.
 50493 | Vaults:2 | Received a gift from Okawaru
 50590 | Vaults:2 | HP: 3/163 [war gargoyle[a peacekeeper] (29)]
 50592 | Vaults:2 | Mangled by a white very ugly thing

Illustrated notes

Levels and vault maps discovered:
D:1:      nagdon_arrival_zigzag_paths, layout_rooms, supply_closet_lemuel
D:2:      layout_loops_cross, ebering_ecumenical_altar_webs, uniq_jessica,
          uniq_natasha
D:3:      layout_loops_ring, mainiacjoe_overflow_boulevard,
          mainiacjoe_overflow_concentric_impassable
D:4:      layout_loops_corners, mainiacjoe_overflow_alcove_1, uniq_sigmund
D:5:      layout_layer_cave, grunt_temple_overflow_holy_war,
          nemelex_diamond_rough_becter, minmay_temple_entry_ruins,
          goddamned_bats, uniq_prince_ribbit1
D:6:      layout_rooms, grunt_temple_overflow_order_and_chaos_1, serial_glass,
          glass_columns_c, glass_columns_a, glass_columns_b, glass_columns_c,
          nrook_loot_triangle
D:7:      layout_rooms, tgw_kikubaaqudgha
D:8:      layout_loops_ring, nicolae_wu_jian_wuxing_cycle,
          grunt_lair_entry_orc_guard_hut, kennysheep_cross_bottleneck,
          sigmund_army
D:9:      minmay_four_partial_circles, layout_loops_ring, marbit_many_paths,
          grunt_decor_junction, dk_noncrumbling_4
D:10:     layout_irregular_city, mainiacjoe_overflow_six_doors_small, erik_orc_4
D:11:     lemuel_flame_loot_2, layout_basic
D:12:     layout_irregular_city, uniq_jorgrun
D:13:     layout_cave_pools, hangedman_vaults_entry_quadrant_bands,
          kennysheep_big_empty_room, nicolae_yredelemnul_ghost_church
D:14:     minmay_distorted_concentric_squares, layout_basic,
          minmay_misc_feat_room, biasface_ghost_orc_armoury, okawaru_trees_2
D:15:     gammafunk_depths_entry_grave, layout_loops_corners, serial_shops,
          nicolae_shop_window_shopping, serial_bayou_shore_a,
          minmay_quadrilaterals
Lair:1:   layout_loops_ring, minmay_lair_oklob_chamber, grunt_megastairs_3,
          uniq_maggie, uniq_nergalle
Lair:2:   layout_small_grid, spider_nest_entry_a, gammafunk_ghost_arena,
          portal_ice_cave_demonic_guard
Lair:3:   layout_regular_city, basic_altar, chequers_serial_rivers_large_a,
          serial_bayou_lagoon_a, kennysheep_basilisk_garden
Lair:4:   layout_roguey, minmay_swamp_entry_worms, uniq_kirke
Lair:5:   nzn_winding_woodlands_medium [nzn_winding_woodlands_hourglass,
          nzn_winding_woodlands_5x15_cabin, nzn_winding_woodlands_5x5_perimeter,
          nzn_winding_woodlands_5x5_cross,
          nzn_winding_woodlands_center_pierced_h,
          nzn_winding_woodlands_5x5_checkerboard,
          nzn_winding_woodlands_5x5_open_star,
          nzn_winding_woodlands_5x15_jagged, nzn_winding_woodlands_5x5_default],
          layout_big_grid
Lair:6:   hangedman_lair_in_review, layout_gridlike,
          minmay_slime_entry_jelly_boxes, uniq_nessos, uniq_snorg
Swamp:1:  layout_falls_marsh, nicolae_swamp_trees_clearing,
          infiniplex_staircase_pool_2
Swamp:2:  nicolae_swamp_phyte_club, layout_falls_marsh,
          evilmike_swamp_ruin_house_1, swamp_pool1, hangedman_swamp_cone,
          nicolae_swamp_oklob_treasure_island, infiniplex_staircase_pool
Swamp:3:  layout_falls_marsh, evilmike_swamp_ruin_house_5
Swamp:4:  swamp_alternative, layout_basic_swamp, swamp_pool4
Spider:1: layout_spider_delve
Orc:1:    layout_caves, nicolae_volcano_entry_hallway, basic_altar
Orc:2:    st_orc_mages, layout_caves, serial_shops, shop_fountains, basic_altar,
          hellmonk_guarded_unrand_dark_maul, uniq_rupert
Vaults:1: hangedman_vaults_unwind, hangedman_vaults_variations,
          nicolae_vaults_little_ls, v_misc_16, ontoclasm_vaults_spin,
          v_pattern_1, v_misc_8, ontoclasm_vaults_decontamination,
          grunt_vaults_funnel, layout_vaults_quadrants
Vaults:2: grunt_vaults_diagonal, minmay_crypt_entry_simple_corners,
          vaults_standard_mumra_x, ontoclasm_vaults_shuriken,
          vaults_mumra_minichess, nicolae_vaults_network_quinsquares
          [nicolae_vaults_network_quincunx_subvault,
          nicolae_vaults_network_quincunx_subvault,
          nicolae_vaults_network_quincunx_subvault,
          nicolae_vaults_network_quincunx_subvault],
          nicolae_vaults_little_squares_5, v_misc_1, v_misc_1,
          nicolae_vaults_circle_grid_a, vaults_standard_mumra_lines,
          nicolae_vaults_little_squares_6, vaults_room_semicircle,
          ontoclasm_vaults_fault, layout_vaults_maze_bifur

Skill      XL: |  1  2  3  4  5  6  7  8  9 10 11 12 13 14 15 16 17 18 |
---------------+-------------------------------------------------------+-----
Throwing       | 2 3 4 5 6 |  6.8
Unarmed Combat | 3 4 5 6 7 9 |  9.8
Armour         | 4 7 9 10 12 | 12.0
Fighting       | 5 8 10 11 12 15 | 15.2
Slings         | 4 10 | 10.1
Invocations    | 10 | 10.1
Dodging        | 4 5 9 10 12 | 12.8
Shields        | 9 11 | 11.5
Evocations     | 8 10 11 | 11.1

Action                   |  1- 3 |  4- 6 |  7- 9 | 10-12 | 13-15 | 16-18 || total
-------------------------+-------+-------+-------+-------+-------+-------++-------
Melee: Unarmed           |   108 |   125 |   375 |   353 |   452 |   134 ||  1547
       Kick              |     6 |    25 |   110 |     8 |   184 |    53 ||   386
       Punch             |       |     1 |    15 |       |       |       ||    16
       Hunting sling     |       |       |       |     2 |       |     2 ||     4
       Fustibalus        |       |       |       |       |       |     2 ||     2
 Fire: Hunting sling     |       |       |       |   390 |  1655 |  1579 ||  3624
       Fustibalus        |       |       |       |       |       |   107 ||   107
Throw: Dart              |       |       |    44 |    12 |     6 |     9 ||    71
       Stone             |       |       |     8 |     3 |       |       ||    11
       Javelin           |       |       |     3 |    24 |    32 |    16 ||    75
       Throwing net      |       |       |     1 |     2 |       |       ||     3
       Boomerang         |       |       |       |    18 |       |       ||    18
Invok: Heroism           |       |       |    10 |    59 |   164 |   125 ||   358
       Finesse           |       |       |       |       |     3 |     2 ||     5
Evoke: Wand              |       |       |       |     7 |    81 |    30 ||   118
  Use: Scroll            |       |     4 |     4 |    24 |    14 |    19 ||    65
       Potion            |       |     2 |     2 |     9 |     9 |    20 ||    42
 Stab: Sleeping          |     1 |       |       |       |       |       ||     1
       Invisible         |       |       |       |       |     3 |       ||     3
       Petrified         |       |       |       |       |     5 |       ||     5
       Paralysed         |       |       |       |       |     5 |     3 ||     8
Armor: Leather armour    |    38 |    21 |       |       |       |       ||    59
       Plate armour      |       |    10 |   222 |   332 |       |   118 ||   682
       Scale mail        |       |     3 |       |       |       |       ||     3
       Skin              |       |    34 |     8 |       |       |       ||    42
       Swamp dragon scal |       |       |       |    18 |   199 |   131 ||   348
Dodge: Dodged            |    76 |    78 |   139 |   321 |   509 |   491 ||  1614
       Repelled          |       |       |     5 |     1 |    12 |    11 ||    29
Block: Other             |       |     7 |    73 |     3 |       |       ||    83
       Buckler           |       |       |       |   231 |       |       ||   231
       Kite shield       |       |       |       |    40 |   952 |   813 ||  1805

Table legend: (Time is in decaauts)
 A = Elapsed time spent in this place.
 B = Non-inter-level travel time spent in this place.
 C = Inter-level travel time spent in this place.
 D = Time resting spent in this place.
 E = Time spent auto-exploring this place.
 F = Levels seen in this place.
 G = Mean time per level.
                   A        B        C        D        E       F      G
               +--------+--------+--------+--------+--------+-----+--------+
         Total |  49495 |  45960 |   3535 |  11536 |  24186 |  31 | 1596.6 |
       Dungeon |  24415 |  23060 |   1355 |   7090 |  11422 |  15 | 1627.7 |
          Lair |  11931 |  10519 |   1412 |   1795 |   6167 |   6 | 1988.5 |
         Swamp |   6585 |   6190 |    395 |   1485 |   3443 |   4 | 1646.2 |
   Spider Nest |     11 |     11 |      0 |      0 |      0 |   1 |   11.0 |
  Orcish Mines |   2688 |   2455 |    233 |    266 |   1299 |   2 | 1344.0 |
        Vaults |   3359 |   3222 |    137 |    876 |   1641 |   2 | 1679.5 |
       Volcano |    504 |    504 |      0 |     24 |    214 |   1 |  504.0 |
               +--------+--------+--------+--------+--------+-----+--------+

Top non-repeatable levels by time:
    D:11: 3280 daAuts
Vaults:1: 2742 daAuts
 Swamp:2: 2460 daAuts
  Lair:2: 2458 daAuts
    D:13: 2452 daAuts
  Lair:3: 2416 daAuts
     D:5: 2157 daAuts
  Lair:6: 2025 daAuts
     D:9: 2008 daAuts
    D:15: 1983 daAuts
  Lair:5: 1980 daAuts
   Orc:2: 1976 daAuts
 Swamp:4: 1720 daAuts
     D:8: 1621 daAuts
     D:4: 1602 daAuts
